 Dungeon Crawl Stone Soup version 0.29-a0-334-gb41bcbb86e (webtiles) character file.

Game seed: 6445580327578172834

1078 Jortsu the Cleaver (level 8, -1/70 HPs)
             Began as a Hill Orc Fighter on Apr 14, 2022.
             Was a Follower of Beogh.
             Slain by a yak (8 damage)
             ... on level 6 of the Dungeon.
             The game lasted 00:08:16 (4426 turns).

Jortsu the Cleaver (Hill Orc Fighter)               Turns: 4426, Time: 00:08:16

Health: -1/70      AC: 14    Str: 21    XL:     8   Next: 29%
Magic:  8/8        EV:  6    Int:  8    God:    Beogh [*.....]
Gold:   227        SH:  5    Dex: 10    Spells: 7/7 levels left

rFire   . . .      SeeInvis .   a - +0 war axe (venom)
rCold   . . .      Faith    .   c - +0 buckler
rNeg    . . .      Spirit   .   j - +1 plate armour
rPois   .          Reflect  .   h - +0 helmet
rElec   .          Harm     .   (no cloak)
rCorr   +          Rampage  .   (no gloves)
Will    .....                   (no boots)
Stlth   ..........              (no amulet)
HPRegen 0.21/turn               r - +4 ring of slaying
MPRegen 0.11/turn               s - ring of resist corrosion

@: mighty
A: no striking features
a: Renounce Religion


You were on level 6 of the Dungeon.
You worshipped Beogh.
Beogh was aware of your devotion.
You visited 1 branch of the dungeon, and saw 6 of its levels.

You collected 227 gold pieces.

Inventory:

Hand Weapons
 a - a +0 war axe of venom (weapon)
Missiles
 p - a throwing net (quivered)
Armour
 b - a +0 scale mail
 c - a +0 buckler (worn)
 h - a +0 helmet (worn)
 j - a +1 plate armour (worn)
Jewellery
 f - a ring of magical power
 q - a ring of willpower
 r - a +4 ring of slaying (left hand)
 s - a ring of resist corrosion (right hand)
Wands
 u - a wand of charming (8)
Scrolls
 g - 2 scrolls of brand weapon
 i - a scroll of fear
Potions
 e - 2 potions of resistance {unknown}
 k - a potion of berserk rage
 l - 2 potions of mutation {unknown}
 m - a potion of degeneration {unknown}
 n - a potion of brilliance
 o - 3 potions of curing {unknown}
 t - a potion of ambrosia {unknown}


   Skills:
 + Level 5.7 Fighting
 + Level 9.2 Axes
 + Level 5.4 Armour
 + Level 0.6 Dodging
 + Level 0.3 Stealth
 + Level 5.0 Shields


You had 7 spell levels left.
You didn't know any spells.
Your spell library contained the following spells:

 Spells                   Type           Power      Damage    Failure   Level
 Slow                     Hex            0%         N/A       100%        1
 Confusing Touch          Hex            0%         N/A       100%        3
 Inner Flame              Hex/Fire       0%         N/A       100%        3
 Vampiric Draining        Necr           0%         2d6       100%        3
 Cause Fear               Hex            0%         N/A       100%        4
 Discord                  Hex            0%         N/A       100%        8


Dungeon Overview and Level Annotations

Branches:
Dungeon (6/15)             Temple (0/1) D:4

Altars:
Ashenzari

Shops:
D:3 (


Message History

Beogh accepts your kill.
You feel very sick.
Your Axes skill increases to level 9!
You feel very sick.
You see here a water moccasin corpse.
You start resting.
You feel very sick.
A sky beast comes into view.
A sky beast is nearby!
You feel very sick.
You feel sick.
You see here a staff of death.
You feel sick.
You feel sick.
The yak bellows!
You hear a bellow!
You feel sick.
You feel sick.
You feel sick. The yak attacks as you move away! The yak completely misses you.
You feel sick.
You are no longer poisoned.
You see here a staff of death.
The yak attacks as you move away! The yak gores you but does no damage.
You feel very mighty all of a sudden. You block the yak's attack.
You barely miss the yak. The yak gores you!
You slash the yak!
The yak is poisoned.
The yak is moderately wounded.
The yak gores you!
* * * LOW HITPOINT WARNING * * *
You slash the yak!
The yak is severely wounded.
You barely miss the yak. The yak gores you.
* * * LOW HITPOINT WARNING * * *
The yak completely misses you.
You slice the yak!!
You kill the yak!
Beogh accepts your kill.
You slash the yak!
The yak is poisoned.
You slice the yak!!
The yak looks as sick as possible!
The yak gores you!
You die...

....####.....#.##..
.......##:.<......#
.......[.....#....#
.......##....#......
.......##...........
...[....#......#....
#.†.|....##.... .
##Y†Y.#...# !..
...####@###......
...................
.......#.....#.#....
......##.....#####.#
.....##......#
.............#
............##
.............###
#......<......#


You could see 2 yaks.

Vanquished Creatures
  A yak (D:6)
  A wyvern (D:5)
  A water moccasin (D:6)
  A black bear (D:3)
  An ogre (D:4)
  A scorpion (D:4)
  2 necrophages
  A howler monkey (D:4)
  An orc priest (D:5)
  A hound (D:4)
  2 jellies
  A gnoll shaman (D:5)
  2 iguanas (D:5)
  2 orc wizards (D:5)
  5 gnolls (D:5)
  4 adders
  A shadow imp (D:5)
  2 worms (D:2)
  A dart slug (D:2)
  8 orcs (D:5)
  2 bats (D:1)
  9 endoplasms
  4 giant cockroaches
  10 goblins
  4 hobgoblins
  3 jackals (D:3)
  10 kobolds
  5 quokkas
  10 ball pythons
  2 frilled lizards (D:1)
  4 rats
102 creatures vanquished.

Notes
Turn   | Place    | Note
-------+----------+-------------------------------------------
     0 | D:1      | Jortsu the Hill Orc Fighter began the quest for the Orb.
     0 | D:1      | Reached XP level 1. HP: 19/19 MP: 1/1
   254 | D:1      | Reached XP level 2. HP: 27/27 MP: 2/2
   772 | D:1      | Reached skill level 3 in Axes
   772 | D:1      | Reached XP level 3. HP: 33/33 MP: 3/3
   818 | D:1      | Found a faded altar of an unknown god.
  1428 | D:2      | Reached XP level 4. HP: 37/40 MP: 4/4
  1533 | D:2      | Reached skill level 4 in Axes
  1730 | D:3      | Found Kepel's Antique Weapon Emporium.
  1774 | D:3      | Noticed a black bear
  1786 | D:3      | Killed a black bear
  1787 | D:3      | Reached skill level 5 in Axes
  1787 | D:3      | Reached XP level 5. HP: 15/47 MP: 5/5
  2028 | D:3      | Found a broken altar of Ashenzari.
  2473 | D:4      | Reached XP level 6. HP: 51/53 MP: 6/6
  2605 | D:4      | Found a staircase to the Ecumenical Temple.
  2836 | D:4      | Reached skill level 6 in Axes
  2870 | D:4      | Reached skill level 7 in Axes
  2955 | D:4      | Reached XP level 7. HP: 60/60 MP: 7/7
  3086 | D:5      | Entered Level 5 of the Dungeon
  3088 | D:5      | Became a worshipper of Beogh the Brigand
  3327 | D:5      | Noticed a wyvern
  3336 | D:5      | Killed a wyvern
  3337 | D:5      | Reached skill level 5 in Fighting
  3666 | D:5      | Reached skill level 8 in Axes
  3804 | D:5      | Reached skill level 5 in Armour
  3804 | D:5      | Reached skill level 5 in Shields
  3834 | D:6      | Noticed a yak
  3835 | D:6      | Noticed a yak
  3836 | D:6      | Noticed a yak
  3876 | D:5      | Reached * piety under Beogh
  4046 | D:5      | Reached XP level 8. HP: 64/69 MP: 8/8
  4408 | D:6      | Reached skill level 9 in Axes
  4426 | D:6      | Killed a yak
  4426 | D:6      | Slain by a yak

Illustrated notes

Levels and vault maps discovered:
D:1:      matt_arrival_spirals, layout_rooms, basic_ecumenical_altar,
          hangedman_decor_points, minmay_tromino_v4_a
D:2:      minmay_wonky_spiral, layout_basic
D:3:      layout_rooms, mainiacjoe_overflow_six_doors_small, serial_shops,
          nicolae_shop_statue_plus, chequers_serial_rivers_micro_b
D:4:      layout_cave_pools, minmay_temple_entry_glassed_door,
          minmay_misc_feat_secret_circle, minmay_misc_feat_four_crosses
D:5:      layout_basic
D:6:      minmay_polygon_palace, layout_cave_pools, nicolae_water_bricks

Skill      XL: |  1  2  3  4  5  6  7  8 |
---------------+-------------------------+-----
Fighting       | 4 5 |  5.7
Axes           | 3 5 7 8 9 |  9.2
Armour         | 4 5 |  5.4
Shields        | 4 5 |  5.0
Dodging        | |  0.6
Stealth        | |  0.3

Action                   |  1- 3 |  4- 6 |  7- 9 || total
-------------------------+-------+-------+-------++-------
Melee: War axe           |    95 |   112 |    82 ||   289
Invok: Convert to Beogh  |       |       |     1 ||     1
  Use: Scroll            |     4 |     2 |     2 ||     8
       Potion            |       |       |     1 ||     1
Armor: Scale mail        |    38 |       |       ||    38
       Plate armour      |    62 |    78 |    39 ||   179
Dodge: Dodged            |    46 |    25 |    17 ||    88
Block: Buckler           |    25 |    28 |    16 ||    69

Table legend: (Time is in decaauts)
 A = Elapsed time spent in this place.
 B = Non-inter-level travel time spent in this place.
 C = Inter-level travel time spent in this place.
 D = Time resting spent in this place.
 E = Time spent auto-exploring this place.
 F = Levels seen in this place.
 G = Mean time per level.
                   A        B        C        D        E       F      G
               +--------+--------+--------+--------+--------+-----+--------+
         Total |   4504 |   4429 |     75 |    383 |   2965 |   6 |  750.7 |
       Dungeon |   4504 |   4429 |     75 |    383 |   2965 |   6 |  750.7 |
               +--------+--------+--------+--------+--------+-----+--------+

Top non-repeatable levels by time:
     D:5: 1282 daAuts
     D:1: 932 daAuts
     D:2: 842 daAuts
     D:4: 738 daAuts
     D:3: 641 daAuts
     D:6: 68 daAuts
